 Dungeon Crawl Stone Soup version 0.31-a0-816-gd61d57ddb1 (webtiles) character file.

Game seed: 17785688258907620526

1426290 MackTheKnife the Tengu Blade (level 27, 188/188 HPs)
             Began as a Tengu Brigand on Sept 22, 2023.
             Was an Elder of Okawaru.
             Escaped with the Orb
             ... and 3 runes!
             The game lasted 02:30:14 (99534 turns).

MackTheKnife the Tengu Blade (Tengu Brigand)       Turns: 99534, Time: 02:30:15

Health: 188/188    AC: 25    Str:  9    XL:     27
Magic:  18/42      EV: 36    Int: 11    God:    Okawaru [****..]
Gold:   3153       SH: 23    Dex: 35    Spells: 26/26 levels left

rFire   + + .        a - +9 double sword (vamp) {longrare=g}
rCold   + . .        G - +5 kite shield {rC+ rF+}
rNeg    . . .        Z - quicksilver dragon scales {rare}
rPois   +            c - +2 hat
rElec   +            M - +2 cloak of the Shifting Gods {rPois rF+}
rCorr   +            s - +3 Mad Mage's Maulers {Infuse+∞ VampMP -Cast}
SInv    +            (boots unavailable)
Will    +++..        e - amulet of faith {!P}
Stlth   +            i - ring of the Zebra {rElec MP+9 Dex+2 SInv}
HPRegen 0.51/turn    n - ring of resist corrosion
MPRegen 0.28/turn

%: no spellcasting, acrobat, faith, infuse magic (18 MP)
@: flying, studying 2 skills
A: beak, talons 3, evasive flight, acrobatic, agile 1, weak 1, subdued magic 2
0: Orb of Zot
}: 3/15 runes: decaying, serpentine, slimy
a: Renounce Religion, Heroism, Finesse


You escaped.
You worshipped Okawaru.
Okawaru was greatly pleased with you.
You visited 11 branches of the dungeon, and saw 52 of its levels.
You visited the Abyss 2 times.
You also visited: Bailey, Ice Cave, Volcano and Desolation.

You collected 7969 gold pieces.
You spent 4816 gold pieces at shops.


Innate Abilities, Weirdness & Mutations

You have a beak for a mouth.
You have claws for feet.
Your magical flight helps you evade attacks. (EV +4)
You can magically evade attacks while moving or waiting.
You are agile. (Dex +4, Str/Int -1)
You are weak. (Str -2)
Your spells are easier to cast, but less powerful.


   Skills:
 - Level 23.0 Fighting
 - Level 10.0(19.0) Short Blades
 - Level 25.0(25.6) Long Blades
 - Level 20.0 Throwing
 - Level 16.0 Armour
 + Level 21.3 Dodging
 - Level 4.0 Stealth
 - Level 17.0 Shields
 - Level 12.0 Invocations
 - Level 8.0 Evocations


You had 26 spell levels left.
You didn't know any spells.
Your spell library contained the following spells:

 Spells                   Type           Power      Damage    Failure   Level
 Apportation              Tloc           0%         N/A       73%         1
 Freeze                   Ice            0%         1d3       73%         1
 Kiss of Death            Conj/Necr      0%         2d5       73%         1
 Magic Dart               Conj           0%         1d3       73%         1
 Necrotise                Necr           0%         1d4       73%         1
 Sandblast                Erth           0%         2d4       73%         1
 Shock                    Conj/Air       0%         1d3       73%         1
 Sting                    Tmut/Pois      0%         1d3       73%         1
 Blink                    Tloc           0%         N/A       86%         2
 Ensorcelled Hibernation  Hex/Ice        0%         N/A       86%         2
 Lesser Beckoning         Tloc           0%         N/A       86%         2
 Momentum Strike          Conj/Tloc      0%         3d8       86%         2
 Passwall                 Tmut/Erth      0%         N/A       86%         2
 Scorch                   Fire           0%         2d5       86%         2
 Static Discharge         Conj/Air       0%         2-2/arc   86%         2
 Sublimation of Blood     Necr           0%         N/A       86%         2
 Wereblood                Tmut           0%         N/A       86%         2
 Dazzling Flash           Conj/Hex       0%         N/A       98%         3
 Frozen Ramparts          Ice            0%         1d1       98%         3
 Ignite Poison            Fire/Tmut/Pois 0%         N/A       98%         3
 Mephitic Cloud           Conj/Pois/Air  0%         N/A       98%         3
 Stone Arrow              Conj/Erth      0%         3d7       98%         3
 Swiftness                Air            0%         N/A       98%         3
 Volatile Blastmotes      Fire/Tloc      0%         2d10      98%         3
 Airstrike                Air            0%         2d(0-16)  100%        4
 Flame Wave               Conj/Fire      0%         2d4       100%        4
 Fulminant Prism          Conj/Hex       0%         3d5       100%        4
 Leda's Liquefaction      Hex/Erth       0%         N/A       100%        4
 Olgreb's Toxic Radiance  Pois           0%         N/A       100%        4
 Passage of Golubria      Tloc           0%         N/A       100%        4
 Petrify                  Tmut/Erth      0%         N/A       100%        4
 Sticky Flame             Conj/Fire      0%         2d3       100%        4
 Agony                    Necr           0%         N/A       100%        5
 Arcjolt                  Conj/Air       0%         1d10      100%        5
 Borgnjor's Vile Clutch   Necr/Erth      0%         N/A       100%        5
 Fireball                 Conj/Fire      0%         3d3       100%        5
 Irradiate                Conj/Tmut      0%         3d11      100%        5
 Lee's Rapid Deconstruct  Erth           0%         3d4*      100%        5
 Metabolic Englaciation   Hex/Ice        0%         N/A       100%        5
 Silence                  Hex/Air        0%         N/A       100%        5
 Bombard                  Conj/Erth      0%         9d1       100%        6
 Starburst                Conj/Fire      0%         6d3       100%        6
 Orb of Destruction       Conj           0%         9d5       100%        7
 Ozocubu's Refrigeration  Ice            0%         4d7       100%        7
 Discord                  Hex            0%         N/A       100%        8
 Ignition                 Fire           0%         3d3       100%        8
 Lehudib's Crystal Spear  Conj/Erth      0%         10d2      100%        8
 Maxwell's Capacitive Co  Air            0%         ∞         100%        8
 Polar Vortex             Ice            0%         N/A       100%        9
 Summon Small Mammal      Summ           Unusable   N/A       N/A         1
 Call Imp                 Summ           Unusable   N/A       N/A         2
 Call Canine Familiar     Summ           Unusable   N/A       N/A         3
 Summon Guardian Golem    Hex/Summ       Unusable   N/A       N/A         3
 Animate Armour           Summ/Erth      Unusable   N/A       N/A         4
 Animate Dead             Necr           Unusable   N/A       N/A         4
 Summon Lightning Spire   Summ/Air       Unusable   N/A       N/A         4
 Summon Forest            Summ/Tloc      Unusable   N/A       N/A         5
 Summon Mana Viper        Hex/Summ       Unusable   N/A       N/A         5
 Simulacrum               Ice/Necr       Unusable   N/A       N/A         6
 Summon Cactus Giant      Summ           Unusable   N/A       N/A         6
 Haunt                    Necr/Summ      Unusable   N/A       N/A         7
 Spellforged Servitor     Conj/Summ      Unusable   N/A       N/A         7
 Summon Hydra             Summ           Unusable   N/A       N/A         7
 Infestation              Necr           Unusable   N/A       N/A         8

Inventory:

Hand Weapons
 a - a +9 vampiric double sword (weapon) {longrare=g}
   (Okawaru gifted it to you on level 3 of the Lair of Beasts)
 Y - a +2 demon blade of protection {long}
   (You found it on level 5 of the Pits of Slime)
Missiles
 y - 13 silver javelins {throwing}
 H - 36 javelins (quivered) {throwing}
Armour
 c - a +2 hat (worn)
   (You found it on level 4 of the Snake Pit)
 s - the +3 Mad Mage's Maulers (worn) {Infuse+∞ VampMP -Cast}
   (Okawaru gifted it to you on level 3 of the Lair of Beasts)

   Infuse+∞: It empowers its wearer's blows with all of their magic.
   VampMP:    Blows struck in melee replenish the wearer's magic.
   -Cast:     It prevents spellcasting.
 G - a +5 kite shield of resistance (worn)
   (You found it on level 14 of the Dungeon)
 M - the +2 cloak of the Shifting Gods (worn) {rPois rF+}
   (You found it on level 1 of the Swamp)

   rF+:       It protects you from fire.
   rPois:     It protects you from poison
 Z - quicksilver dragon scales (worn) {rare}
   (You found it on level 3 of the Depths)
Jewellery
 e - an amulet of faith (around neck) {!P}
   (You bought it in a shop on level 2 of the Elven Halls)
 i - the ring of the Zebra (left hand) {rElec MP+9 Dex+2 SInv}
   (You took it off a deep elf annihilator on level 3 of the Elven Halls)

   [ring of see invisible]

   Dex+2:     It affects your dexterity (+2).
   rElec:     It insulates you from electricity.
   MP+9:      It affects your magic capacity (+9).
   SInv:      It lets you see invisible.
 n - a ring of resist corrosion (right hand)
   (You found it on level 4 of the Swamp)
 p - a ring of positive energy
   (You found it on level 2 of the Dungeon)
 J - a ring of willpower
   (You found it on level 5 of the Lair of Beasts)
 S - the amulet "Udoffukh" {Rampage rPois Will+ Regen+}
   (You found it on level 5 of the Pits of Slime)

   [amulet of regeneration]

   rPois:     It protects you from poison Will+: It increases your willpower.
   Regen+:    It increases your rate of health regeneration.
   Rampage:   It bestows one free step when moving towards enemies.
Wands
 d - a wand of digging (6)
   (You found it on level 4 of the Vaults)
 x - a wand of mindburst (35)
   (You found it on level 3 of the Vaults)
 L - a wand of paralysis (31)
   (You took it off Pikel on level 7 of the Dungeon)
 Q - a wand of roots (18)
   (You found it on level 2 of the Lair of Beasts)
 R - a wand of polymorph (24)
   (You found it on level 14 of the Dungeon)
 W - a wand of acid (23)
   (You found it on level 11 of the Dungeon)
 X - a wand of flame (77)
   (You found it on level 11 of the Dungeon)
Scrolls
 b - 3 scrolls of revelation
 g - 3 scrolls of fog
 r - 4 scrolls of immolation {!r!r}
 z - 20 scrolls of teleportation {@r4}
 A - 4 scrolls of poison {!r}
 D - 3 scrolls of blinking {!r}
 F - 2 scrolls of fear
 I - 2 scrolls of enchant weapon
 O - 6 scrolls of identify {@r1}
 T - 4 scrolls of enchant armour
 U - 3 scrolls of silence {!r}
 V - 6 scrolls of vulnerability {!r!r}
Potions
 f - 7 potions of enlightenment
 h - 6 potions of brilliance
 k - 8 potions of might
 l - 5 potions of magic
 m - 19 potions of curing {@q1}
 o - 4 potions of invisibility
 q - 6 potions of lignification {!q}
 t - 3 potions of resistance
 u - 3 potions of ambrosia
 v - 14 potions of attraction {!q}
 C - 8 potions of mutation {!q}
 E - 6 potions of cancellation
 K - 6 potions of heal wounds {@q2}
 P - 3 potions of haste {@q3}
Miscellaneous
 j - a phial of floods (inert)
   (You found it in the Desolation of Salt)
 B - a lightning rod (4/4)
   (You found it on level 4 of the Lair of Beasts)
 N - a condenser vane (inert)
   (You bought it in a shop on level 1 of the Snake Pit)

Dungeon Overview and Level Annotations

Branches:
Dungeon (15/15)            Temple (1/1) D:4            Lair (5/5) D:8
  Swamp (4/4) Lair:3        Snake (4/4) Lair:3        Slime (5/5) Lair:4
    Orc (2/2) D:12            Elf (3/3) Orc:2        Vaults (4/5) D:14
  Crypt (0/3) Vaults:3     Depths (4/4) D:15            Zot (5/5) Depths:4
 Bailey (visited)           IceCv (visited)         Volcano (visited)
Desolation (visited)

Altars:
Ashenzari
Cheibriados
Dithmenos
Elyvilon
Fedhas
Gozag
Hepliaklqana
Kikubaaqudgha
Makhleb
Nemelex Xobeh
Okawaru
Qazlal
Ru
Sif Muna
Trog
Uskayaw
Vehumet
Wu Jian
Xom
Yredelemnul
Zin
The Shining One
Jiyva

Shops:
D:14 (   Orc:2 :([   Elf:2 =   Elf:3 *   Snake:1 ***   Vaults:1 ((   Vaults:2 (
Vaults:3 :   Depths:1 ***?

Portals:
Hell: Depths:1 Depths:2 Depths:3 Depths:4
Abyss: Depths:3
Pandemonium: Depths:1 Depths:2
Ziggurat: Depths:1

Annotations:
D:5 exclusion: 2 orc priests, Boris
D:6 exclusion: hornet
D:10 Nergalle
Lair:3 exclusions: 3 dream sheep and torpor snail
Swamp:2 2 transporters, exclusion: obsidian statue
Vaults:2 2 runed translucent doors, Wiath's ghost, adept DrBr
Zot:1 2 transporters, bmj180's ghost, legendary HuCj

#.(....# #.# #.#
#..#
#.####.###.####.#
#..# #.#
#..........# #...
#.# #####.######
##.# #.# ##.# #.#
#[# ####.## #.#
####.####...########
#.#
#.......#...##.....#
#.#
#.##.####...##..@..#
#.# ..##.#
#....##.....# #.#
..##.##.#.≈.##.....#
##########.#
..##.#.##.≈..'.....#
#.......#... .....##
#.≈.##.....#
#.#......... ..####
#.≈.##.....#
#.#.###.#... ..#
###...##..)..# #.#.#
#.#### ..#
#.....######## #.#.#
#)# .># #.##### ###
#.#.###.#


There were no monsters in sight!


Message History

😕 HP[-2] MP[+2]
You take 2 damage, and now have 157/188 hp.
You regained 2 mp, and now have 3/42 mp.
Unknown command.
You barely miss the acid blob.
You claw the acid blob, but do no damage.
You peck the acid blob, but do no damage.
A large slime creature splits.
The acid blob spits acid at you.
The splash of acid hits you but does no damage. 😕 HP[+1] Unknown command.
Clouds condense from the air!
The condenser dries out!
The acid blob disappears in a puff of smoke! x2
The demonspawn corrupter calls forth creatures from the Pits of Slime!
The slime creature is engulfed in freezing vapours.
Unknown command.
The very large slime creature disappears in a puff of smoke!
The slime creature disappears in a puff of smoke! 😕 HP[+1]
A titanic slime creature splits. 😕 MP[+1]
You slash the demonspawn corrupter!
You claw the demonspawn corrupter, but do no damage.
You peck the demonspawn corrupter, but do no damage.
The demonspawn corrupter is engulfed in freezing vapours.
The demonspawn corrupter calls forth creatures from the Crypt! 😕 HP[+1] MP[-2]
You lost 2 mp, and now have 2/42 mp.
You slice the demonspawn corrupter like a ripe choko!!!
You claw the demonspawn corrupter, but do no damage. 😕 MP[+4]
You regained 4 mp, and now have 6/42 mp.
You barely miss the demonspawn corrupter.
Your kick misses the demonspawn corrupter.
You peck the demonspawn corrupter, but do no damage.
The demonspawn corrupter is engulfed in freezing vapours.
The demonspawn corrupter calls forth creatures from the Realm of Zot!
You slash the demonspawn corrupter!
You kill the demonspawn corrupter!
Okawaru accepts your kill.
The large slime creature disappears in a puff of smoke!
The deep elf high priest disappears in a puff of smoke!
The very large slime creature disappears in a puff of smoke! 😕 HP[+1] MP[-4]
You lost 4 mp, and now have 2/42 mp.
Okay, then.
You are engulfed in freezing vapours.
You resist.
Items here: ) [[ †. 😕 HP[-6] MP[+1]
You take 6 damage, and now have 155/188 hp.
Unknown command. 😕 HP[+1]
A daeva comes into view.
It is wielding a +4 scimitar of holy wrath. 😕 HP[+1] MP[+1]
You are no longer corroded.
The daeva calls down the wrath of the Shining One upon you.
The Shining One smites you! 😕 HP[-15]
You take 15 damage, and now have 142/188 hp. 😕 HP[+1]
There is a stone staircase leading up here.
You fly upwards.
There is a stone staircase leading down here. 😕 HP[+2] MP[+1]
You regained 2 hp, and now have 145/188 hp.
There is a stone staircase leading up here. 😕 HP[+7] MP[+4]
You regained 7 hp, and now have 152/188 hp.
You regained 4 mp, and now have 9/42 mp.
You fly upwards.
There is a stone staircase leading down here. 😕 HP[+1] MP[+1]
You feel much better. 😕 HP[+29]
You regained 29 hp, and now have 182/188 hp. 😕 HP[+1] 😕 MP[+1] 😕 HP[+1] Unknown command. 😕 HP[+1] 😕 HP[+1] MP[+1] 😕 HP[+1] 😕 MP[+1] 😎 HP[+1]
Your hp is fully restored (188).
You feel like a meek peon again. 😎 MP[+1]
Aiming: Dig
Press: ? - help, Shift-Dir - straight line A rock wall.
This square is covered in magical glow.
The rock shatters into small pieces. 😎 MP[+1] 😎 MP[+1]
There is an open door here. 😎 MP[+1] 😎 MP[+1]
There is a staircase leading out of the dungeon here.
You have escaped!

Skill      XL: |  1  2  3  4  5  6  7  8  9 10 11 12 13 14 15 16 17 18 19 20 21 22 23 24 25 26 27 |
---------------+----------------------------------------------------------------------------------+-----
Short Blades   | 3 4 5 6 8 9 10 | 10.0
Shields        | 2 4 5 12 15 16 17 | 17.0
Fighting       | 3 5 7 10 14 15 16 17 18 20 21 23 | 23.0
Dodging        | 6 8 12 14 17 18 19 20 21 | 21.3
Invocations    | 2 5 7 8 9 12 | 12.0
Evocations     | 4 7 8 |  8.0
Armour         | 4 7 8 11 12 13 16 | 16.0
Long Blades    | 4 13 17 18 21 22 24 25 | 25.0
Throwing       | 5 9 12 17 18 19 20 | 20.0
Stealth        | |  4.0

Action                     |  1- 3 |  4- 6 |  7- 9 | 10-12 | 13-15 | 16-18 | 19-21 | 22-24 | 25-27 || total
---------------------------+-------+-------+-------+-------+-------+-------+-------+-------+-------++-------
  Melee: Dagger            |    98 |   147 |   314 |   747 |       |       |       |       |       ||  1306
         Kick              |    22 |    52 |   116 |   465 |   251 |   398 |   631 |   447 |   796 ||  3178
         Peck              |     8 |    21 |    57 |   290 |   190 |   258 |   392 |   290 |   510 ||  2016
         Punch             |       |     1 |     1 |       |       |       |       |       |       ||     2
         Short sword       |       |       |    24 |   349 |   213 |       |       |       |       ||   586
         Great sword       |       |       |       |    36 |       |       |       |       |       ||    36
         Double sword      |       |       |       |       |   627 |  1022 |  1333 |   946 |  1558 ||  5486
  Throw: Dart              |       |    17 |    36 |    38 |    32 |       |       |       |       ||   123
         Javelin           |       |       |       |       |       |       |     3 |    25 |    36 ||    64
 Invoke: Heroism           |       |       |     1 |     5 |    11 |    19 |    13 |     4 |    23 ||    76
         Finesse           |       |       |       |     1 |     1 |     8 |     1 |       |     9 ||    20
         Receive Weapon    |       |       |       |       |     1 |       |       |       |       ||     1
         Receive Armour    |       |       |       |       |     1 |       |       |       |       ||     1
  Evoke: Wand              |       |       |     1 |    44 |    13 |     2 |     5 |     3 |    12 ||    80
         Lightning rod     |       |       |       |       |     4 |       |     1 |       |    10 ||    15
         Condenser vane    |       |       |       |       |       |       |     1 |       |     4 ||     5
         Phial of floods   |       |       |       |       |       |       |       |       |     1 ||     1
    Use: Scroll            |       |     3 |     5 |    12 |    10 |    12 |     6 |     7 |    27 ||    82
         Potion            |       |       |     2 |       |     1 |     1 |     2 |     1 |     7 ||    14
   Stab: Sleeping          |     4 |     3 |     8 |     4 |     3 |     3 |     6 |     3 |     5 ||    39
         Distracted        |       |     1 |       |     2 |     1 |     1 |     5 |     1 |    10 ||    21
         Paralysed         |       |       |     1 |    10 |       |       |       |       |       ||    11
         Invisible         |       |       |       |       |       |       |     9 |       |       ||     9
 Armour: Robe              |    27 |       |       |       |       |       |       |       |       ||    27
         Ring mail         |    14 |    50 |    70 |   174 |   253 |   227 |   374 |   211 |       ||  1373
         Skin              |     3 |       |       |       |     4 |       |       |       |       ||     7
         Steam dragon scal |       |       |     5 |   127 |       |       |       |       |       ||   132
         Fire dragon scale |       |       |       |       |     1 |       |       |       |       ||     1
         Quicksilver drago |       |       |       |       |       |       |       |    23 |   463 ||   486
  Dodge: Dodged            |    58 |    78 |   135 |   563 |   583 |   482 |   928 |   491 |  1198 ||  4516
  Block: Buckler           |       |       |    49 |   239 |   229 |       |       |       |       ||   517
         Kite shield       |       |       |       |       |       |   839 |  1384 |   726 |  1600 ||  4549

Levels and vault maps discovered:
D:1:      dpeg_arrival_rooms_c, layout_loops_ring, minmay_nonomino_d4
D:2:      layout_basic, st_stairs_4
D:3:      layout_loops_ring, hellmonk_ecumenical_altar_leap_of_faith
D:4:      layout_cave_pools, minmay_temple_entry_poolview, nrook_campfire,
          nicolae_houndstooth_variations
D:5:      layout_basic, mainiacjoe_overflow_divided_tiny, serial_rivers,
          chequers_serial_rivers_large_b, chequers_serial_rivers_micro_b,
          chequers_serial_rivers_room_b, chequers_serial_rivers_marsh,
          chequers_serial_rivers_micro_b
D:6:      layout_gridville
D:7:      layout_loops_ring, serial_park_tiny_1, uniq_maggie, uniq_menkaure,
          uniq_pikel
D:8:      layout_layer_cave, lair_entry_dummy
D:9:      layout_basic, enter_bailey_7, uniq_jeremiah, uniq_grum
D:10:     layout_cave_pools, uniq_nergalle
D:11:     layout_basic
D:12:     layout_cave_pods, orc_0_dummy, doesnt_xom_only_xom, uniq_fannar
D:13:     layout_stronghold, serial_shops, shop_coins, kennysheep_boxes,
          uniq_urug
D:14:     layout_roguey [special_room_orc], ximxim_vaults_locker_room,
          special_room [special_room_orc], chequers_serial_rivers_micro_b,
          serial_shops, shop, nicolae_tso_carved_into_rock
D:15:     gammafunk_depths_entry_grave, layout_layer_cave,
          nemelex_xobeh_ov_fountains_minmay, maelrawn_ghost_gauntlet_escape
Temple:   mainiacjoe_temple_big_plus
Lair:1:   hellmonk_destroyed_diamonds, layout_long_grid
Lair:2:   layout_chaotic_city, nicolae_volcano_entry_hallway,
          infiniplex_staircase_pool
Lair:3:   layout_cave_shapes, nicolae_swamp_entry_splash_gauntlet,
          guppyfry_snake_entry_island
Lair:4:   layout_loops_ring, minmay_slime_entry_oklob_open, wad_woods_02,
          serial_bayou_shore_a
Lair:5:   guppyfry_lair_end_dragon, layout_regular_city, wormcave
Swamp:1:  layout_basic_swamp, nicolae_swamp_little_tower, uniq_roxanne
Swamp:2:  gammafunk_sealed_arena, layout_basic_swamp,
          evilmike_swamp_ruin_rubble_1, hangedman_swamp_blocks
Swamp:3:  layout_basic_swamp, portal_ice_cave_entry_pillars_three,
          nicolae_swamp_godswood, uniq_jorgrun
Swamp:4:  swamp_basic_johnstein, layout_basic_swamp, uniq_donald
Snake:1:  layout_layer_cave, ebering_ghost_gozag, basic_altar, serial_shops,
          shop, uniq_aizul
Snake:2:  layout_basic, serial_bayou_shore_b, grunt_megastairs_2, uniq_agnes
Snake:3:  layout_rooms
Snake:4:  minmay_snake_end_coiled, layout_cave_town, grunt_ministairs_5,
          st_stairs_13, nicolae_snake_snake_lake, uniq_vashnia
Slime:1:  layout_caves
Slime:2:  layout_caves
Slime:3:  layout_caves
Slime:4:  layout_caves
Slime:5:  slime_pit_nicolae_amoeboid
Orc:1:    nicolae_orc_accident_3, layout_caves, basic_altar
Orc:2:    grunt_orc_cross, layout_diamond_mine
Elf:1:    eino_elf_arrival_altar, layout_geoelf_octagon,
          minmay_elf_annihilation, eino_tiny_chamber, grunt_ministairs_5,
          minmay_shop_grove
Elf:2:    elven_hall_of_blades_hangedman_original [mumra_blade_entry_bloodbath],
          layout_onion_city, serial_shops, nicolae_shop_tiny_real_fake_doors
Elf:3:    minmay_elf_hall_x, layout_gridlike,
          amcnicky_mini_rare_corridor_liquid, minmay_misc_feat_pillars,
          nicolae_shop_clearance
Vaults:1: portal_desolation_entry_twin_temple, nicolae_vaults_mini_display_case,
          nicolae_vaults_house_1, nicolae_vaults_hexular_roomagon, v_misc_16,
          nicolae_vaults_offset_grid_hallway_3, vaults_dpeg_cross,
          nicolae_vaults_house_3, nicolae_vaults_more_shelving_2,
          hangedman_vaults_impose, nicolae_vaults_taking_the_gang_shopping,
          v_misc_9, ontoclasm_vaults_pinch, layout_vaults_ring, serial_shops,
          shop
Vaults:2: ebering_ghost_disaster_area, nicolae_vaults_shrinking_rooms_2,
          nicolae_vaults_shipping_containers_5, vaults_dpeg_ring,
          grunt_vaults_bifocal, v_alt_pattern_5,
          nicolae_vaults_hexular_roomagon, nicolae_vaults_tetromino_T_2,
          hangedman_vaults_unwind, nicolae_vaults_variable_pillar_hall,
          nicolae_vaults_little_squares_5, ontoclasm_vaults_fault,
          nicolae_vaults_diagonal_hallway_6, layout_vaults_omnicross,
          serial_shops, nicolae_shop_tiny_real_fake_doors, uniq_saint_roka
Vaults:3: ontoclasm_vaults_bender, hangedman_vaults_stagger,
          minmay_crypt_entry_simple_walls, nicolae_vaults_tangram_2,
          nicolae_vaults_variable_pillar_hall, hangedman_vaults_slither,
          nicolae_vaults_what_the_h, hangedman_vaults_maws,
          vaults_room_large_hall, vaults_mumra_minichess, vaults_room_pool,
          v_misc_26, layout_vaults_omnibox, serial_shops,
          nicolae_shop_just_a_little_nook, uniq_boris
Vaults:4: nicolae_vaults_alarming, nicolae_vaults_yaktaur_gun_rack,
          nicolae_vaults_octothorpe, nicolae_vaults_stairing_the_circle,
          grunt_vaults_diagonal, nicolae_vaults_windows_and_doors_thing,
          grunt_vaults_focal, v_rooms_4,
          vaults_standard_mumra_enter_the_diamond, layout_vaults_omnigrid
Depths:1: layout_gridville, enter_ziggurat_c, pf_coc_iceberg,
          grunt_pan_entry_zigzag, minivault_11, kennysheep_crisscross,
          grunt_dithmenos_smoke, minmay_shoptagon, serial_bayou_shore_b
Depths:2: minmay_the_grid_square_5x5_5x5 [minmay_the_grid_square_5x5_minibox,
          minmay_the_grid_square_5x5_lines, minmay_the_grid_square_5x5_spiral,
          minmay_the_grid_square_5x5_percent,
          minmay_the_grid_square_5x5_intrusive_squares,
          minmay_the_grid_square_5x5_shrine1,
          minmay_the_grid_square_5x5_prize_monsterx,
          minmay_the_grid_square_5x5_bracketed,
          minmay_the_grid_square_5x5_prize_itemx,
          minmay_the_grid_square_5x5_detours, minmay_the_grid_square_5x5_fat_x,
          minmay_the_grid_square_5x5_eight,
          minmay_the_grid_square_5x5_prize_gold,
          minmay_the_grid_square_5x5_forky, minmay_the_grid_square_5x5_bridge,
          minmay_the_grid_square_5x5_longway,
          minmay_the_grid_square_5x5_prize_snowflake,
          minmay_the_grid_square_5x5_shrine2,
          minmay_the_grid_square_5x5_prize_deathbox,
          minmay_the_grid_square_5x5_misaligned,
          minmay_the_grid_square_5x5_minimal,
          minmay_the_grid_square_5x5_inner_z,
          minmay_the_grid_square_5x5_inverted_slash,
          minmay_the_grid_square_5x5_n, minmay_the_grid_square_5x5_two_walls_a],
          layout_gridlike, pf_hell_entry_tar_river, minmay_staircase_statues,
          rand_demon_pan_entry_5, nicolae_concentric_dashed_squares_mild,
          lemuel_flame_loot_1
Depths:3: kennysheep_big_flooded_room, layout_cave_pools,
          kennysheep_big_empty_room, pf_vacation_house_of_asmodeus, abyss_entry,
          serial_bayou_shore_b, infiniplex_staircase_zigzag_4
Depths:4: grunt_zot_entry_gee_three, layout_basic, hell_entry,
          nicolae_qazlal_scattered_showers
Zot:1:    layout_basic, gammafunk_ghost_wrathful_warriors, uniq_josephina
Zot:2:    layout_gridlike, hellmonk_greenhouse_of_terror, grunt_megastairs_3
Zot:3:    layout_misc_corridors
Zot:4:    circus_mu, layout_gridville
Zot:5:    layout_cellular_growth

Notes
Turn   | Place    | Note
-------+----------+-------------------------------------------
     0 | D:1      | MackTheKnife the Tengu Brigand began the quest for the Orb.
     0 | D:1      | Reached XP level 1. HP: 12/12 MP: 2/2
     0 | D:1      | magus.rc [v1.9.6]
    94 | D:1      | Reached XP level 2. HP: 17/17 MP: 3/3
    97 | D:1      | Reached skill level 3 in Short Blades
   461 | D:1      | Reached XP level 3. HP: 21/21 MP: 4/4
   558 | D:1      | Reached skill level 4 in Short Blades
  1134 | D:2      | Reached XP level 4. HP: 26/26 MP: 5/5
  1307 | D:2      | You pick up a book of Iron and begin reading...
  1307 | D:2      | You add the spells Summon Lightning Spire, Animate Armour
                  | and Lee's Rapid Deconstruction to your library.
  1312 | D:2      | You pick up a book of the Moon and begin reading...
  1312 | D:2      | You add the spells Passage of Golubria, Silence and
                  | Lehudib's Crystal Spear to your library.
  1449 | D:2      | Reached skill level 5 in Short Blades
  2149 | D:3      | Reached XP level 5. HP: 30/30 MP: 6/6
  2242 | D:3      | Found a faded altar of an unknown god.
  2809 | D:3      | Reached skill level 6 in Short Blades
  3062 | D:4      | Reached XP level 6. HP: 35/35 MP: 7/7
  3133 | D:4      | Reached skill level 7 in Short Blades
  3148 | D:4      | HP: 6/35 [acid (7)]
  3153 | D:4      | HP: 2/35 [orc/+0 flail (5)]
  3730 | D:4      | Found a staircase to the Ecumenical Temple.
  3740 | Temple   | Entered the Ecumenical Temple
  3771 | Temple   | Became a worshipper of Warmaster Okawaru
  3829 | D:5      | Entered Level 5 of the Dungeon
  3846 | D:5      | Reached skill level 8 in Short Blades
  3846 | D:5      | Gained mutation: Your magical flight helps you evade
                  | attacks. (EV +4) [Tengu growth]
  3846 | D:5      | Reached XP level 7. HP: 23/40 MP: 8/8
  4173 | D:5      | Reached skill level 1 in Shields
  4184 | D:5      | HP: 9/40 [ogre/+0 giant club (30)]
  4573 | D:5      | Found a bloodstained altar of Trog.
  4573 | D:5      | Found a stormy altar of Qazlal.
  4612 | D:5      | Reached skill level 3 in Fighting
  4612 | D:5      | Reached skill level 2 in Shields
  4642 | D:5      | Reached * piety under Okawaru
  4643 | D:5      | Reached XP level 8. HP: 40/46 MP: 9/9
  4890 | D:5      | Identified the +2 quarterstaff of Articulation {heavy,
                  | Int+4}
  5187 | D:6      | Reached skill level 9 in Short Blades
  5341 | D:6      | You pick up a book of Air and begin reading...
  5341 | D:6      | You add the spells Shock, Swiftness and Airstrike to your
                  | library.
  5591 | D:6      | Reached skill level 3 in Shields
  5626 | D:6      | Reached skill level 4 in Fighting
  5837 | D:6      | Noticed a hornet
  6086 | D:7      | Reached skill level 4 in Shields
  6095 | D:7      | Reached ** piety under Okawaru
  6370 | D:7      | Reached skill level 5 in Fighting
  6463 | D:7      | Reached XP level 9. HP: 52/54 MP: 10/10
  6621 | D:7      | Noticed Menkaure
  6629 | D:7      | Killed Menkaure
  6630 | D:7      | Reached skill level 10 in Short Blades
  6745 | D:7      | Noticed Pikel
  6771 | D:7      | Killed Pikel
  6771 | D:7      | Reached *** piety under Okawaru
  6772 | D:7      | Reached skill level 7 in Fighting
  6772 | D:7      | Reached skill level 5 in Shields
  6924 | D:7      | Reached skill level 2 in Dodging
  6947 | D:7      | Reached skill level 3 in Dodging
  7314 | D:7      | Reached skill level 4 in Dodging
  7331 | D:7      | Noticed Maggie
  7335 | D:7      | Killed Maggie
  7336 | D:7      | Reached skill level 5 in Dodging
  7662 | D:8      | Reached skill level 6 in Dodging
  7666 | D:8      | Reached skill level 1 in Invocations
  7674 | D:8      | Reached skill level 2 in Invocations
  7782 | D:8      | Reached XP level 10. HP: 63/63 MP: 12/12
  7856 | D:8      | Reached skill level 3 in Invocations
  8114 | D:8      | Found a staircase to the Lair.
  8176 | D:8      | Noticed a two-headed ogre
  8207 | D:8      | Reached skill level 4 in Invocations
  8416 | D:8      | Killed a two-headed ogre
  8416 | D:8      | Reached **** piety under Okawaru
  8417 | D:8      | Reached skill level 5 in Invocations
  8417 | D:8      | Reached skill level 1 in Evocations
  9049 | D:9      | Reached skill level 2 in Evocations
  9206 | D:9      | Reached skill level 3 in Evocations
  9221 | D:9      | Noticed Grum
  9266 | D:9      | Reached skill level 4 in Evocations
  9267 | D:9      | Killed Grum
  9268 | D:9      | Reached skill level 1 in Armour
  9299 | D:9      | Found a flagged portal.
  9331 | Bailey   | Entered a bailey
  9339 | Bailey   | Reached skill level 2 in Armour
  9506 | Bailey   | Reached skill level 3 in Armour
  9675 | Bailey   | Reached skill level 4 in Armour
  9785 | Bailey   | Reached skill level 1 in Long Blades
  9809 | Bailey   | Reached skill level 2 in Long Blades
 10092 | Bailey   | Reached skill level 3 in Long Blades
 10113 | Bailey   | Reached ***** piety under Okawaru
 10114 | Bailey   | Identified the +4 shortbow of Afforack {antimagic, rN+
                  | Stlth+}
 10354 | Bailey   | Reached skill level 4 in Long Blades
 10668 | Bailey   | Reached XP level 11. HP: 44/67 MP: 15/15
 10739 | Bailey   | Reached skill level 5 in Long Blades
 11218 | D:9      | Noticed a centaur warrior
 11236 | D:9      | Killed a centaur warrior
 11237 | D:9      | Reached skill level 6 in Long Blades
 11384 | D:9      | Noticed Jeremiah
 11392 | D:9      | Killed Jeremiah
 11393 | D:9      | Reached skill level 7 in Long Blades
 11656 | D:10     | Entered Level 10 of the Dungeon
 11733 | D:10     | Noticed a two-headed ogre
 11750 | D:10     | Noticed Nergalle
 11753 | D:10     | Noticed a cyclops
 11852 | D:10     | Killed a two-headed ogre
 11853 | D:10     | Reached skill level 8 in Long Blades
 12325 | D:10     | You pick up a book of Storms and begin reading...
 12459 | D:9      | Reached skill level 9 in Long Blades
 12619 | D:10     | Killed a cyclops
 13017 | Lair:1   | Entered Level 1 of the Lair of Beasts
 13154 | Lair:1   | Identified a scroll of acquirement
 13155 | Lair:1   | Acquired a manual of Long Blades
 13194 | Lair:1   | Received a gift from Okawaru
 13195 | Lair:1   | Reached skill level 10 in Long Blades
 13223 | Lair:1   | Reached skill level 11 in Long Blades
 13484 | Lair:1   | Reached skill level 12 in Long Blades
 13625 | Lair:1   | Reached skill level 13 in Long Blades
 13648 | Lair:1   | Reached XP level 12. HP: 21/72 MP: 16/16
 14021 | Lair:1   | Reached skill level 14 in Long Blades
 14272 | Lair:1   | Reached skill level 15 in Long Blades
 14708 | Lair:1   | Reached skill level 16 in Long Blades
 14785 | Lair:2   | Found a dark tunnel.
 14814 | Lair:2   | Received a gift from Okawaru
 14827 | Volcano  | Entered a volcano
 15033 | Volcano  | Reached skill level 17 in Long Blades
 15127 | Volcano  | Found a burning altar of Makhleb.
 15131 | Volcano  | Noticed a red draconian
 15151 | Volcano  | Killed a red draconian
 15152 | Volcano  | Reached skill level 8 in Fighting
 15525 | Lair:2   | You add the spells Olgreb's Toxic Radiance, Ignition and
                  | Discord to your library.
 15682 | Lair:2   | Reached skill level 9 in Fighting
 15827 | Lair:2   | Noticed a five-headed hydra
 15838 | Lair:2   | Killed a five-headed hydra
 15838 | Lair:2   | Received a gift from Okawaru
 16105 | Lair:2   | HP: 17/77 [lindwurm/blast of flame (37)]
 16107 | Lair:2   | Reached skill level 10 in Fighting
 16107 | Lair:2   | Reached XP level 13. HP: 19/82 MP: 17/17
 16934 | Lair:3   | Reached skill level 11 in Fighting
 17118 | Lair:3   | Found a staircase to the Snake Pit.
 17870 | Lair:3   | Reached skill level 12 in Fighting
 18429 | Lair:3   | Found a staircase to the Swamp.
 18521 | Lair:3   | Reached ****** piety under Okawaru
 18521 | Lair:3   | Received a gift from Okawaru
 18538 | Lair:3   | Acquired a +2 double sword of protection
 18538 | Lair:3   | Received a gift from Okawaru
 18539 | Lair:3   | U - a +2 double sword of protection {longrare=g}
 18540 | Lair:3   | your +2 double sword of protection {longrare=g} becomes
                  | incredibly heavy!
 18540 | Lair:3   | U - a +2 heavy double sword {longrare=g}
 18541 | Lair:3   | U - a +2 heavy double sword (weapon) {longrare=g}
 18542 | Lair:3   | your +2 heavy double sword {longrare=g} glows red for a
                  | moment.
 18543 | Lair:3   | your +3 heavy double sword {longrare=g} glows red for a
                  | moment.
 18548 | Lair:3   | Acquired the +3 Mad Mage's Maulers {Infuse+∞ VampMP -Cast}
 18548 | Lair:3   | Received a gift from Okawaru
 18548 | Lair:3   | Found the +3 Mad Mage's Maulers {Infuse+∞ VampMP -Cast}
 19046 | Lair:4   | Reached skill level 13 in Fighting
 19664 | Lair:4   | Received a gift from Okawaru
 19670 | Lair:4   | Reached skill level 14 in Fighting
 20284 | Lair:4   | Reached XP level 14. HP: 96/96 MP: 3/18
 20753 | Lair:5   | Entered Level 5 of the Lair of Beasts
 20768 | Lair:5   | Reached skill level 15 in Fighting
 20771 | Lair:5   | Received a gift from Okawaru
 21331 | Lair:5   | Received a gift from Okawaru
 21332 | Lair:5   | Reached skill level 5 in Armour
 21677 | Lair:5   | Reached skill level 7 in Dodging
 21896 | Lair:5   | Reached skill level 6 in Invocations
 21924 | Lair:5   | Reached skill level 6 in Armour
 22880 | Lair:5   | Received a gift from Okawaru
 22881 | Lair:5   | Reached skill level 8 in Dodging
 23574 | D:11     | Reached skill level 7 in Armour
 24021 | D:11     | Reached skill level 7 in Invocations
 24683 | D:11     | Reached XP level 15. HP: 98/103 MP: 3/21
 24883 | D:12     | your +4 heavy double sword {longrare=g} glows red for a
                  | moment.
 24884 | D:12     | U - a +5 heavy double sword (weapon) {longrare=g}
 24884 | D:12     | a - a +5 heavy double sword (weapon) {longrare=g}
 25124 | D:12     | You pick up a book of Minor Magic and begin reading...
 25124 | D:12     | You add the spells Magic Dart and Mephitic Cloud to your
                  | library.
 25143 | D:12     | Found a staircase to the Orcish Mines.
 25576 | D:12     | Identified the +0 scale mail of Words of Power {Int+4}
 25641 | D:12     | Noticed Fannar
 25645 | D:12     | Killed Fannar
 25645 | D:12     | Received a gift from Okawaru
 25646 | D:12     | Reached skill level 9 in Dodging
 25781 | D:12     | Reached skill level 8 in Armour
 26968 | D:12     | Found a white marble altar of Elyvilon.
 26971 | D:12     | Found a snail-covered altar of Cheibriados.
 26971 | D:12     | Found a sacrificial altar of Ru.
 26973 | D:12     | Found a shimmering blue altar of Sif Muna.
 26973 | D:12     | Found a shimmering altar of Xom.
 26973 | D:12     | Found a blossoming altar of Fedhas.
 27123 | Orc:1    | Entered Level 1 of the Orcish Mines
 27431 | D:12     | Reached skill level 8 in Invocations
 27762 | Orc:1    | Found a shimmering altar of Xom.
 27914 | Orc:2    | Entered Level 2 of the Orcish Mines
 28239 | Orc:2    | Found a staircase to the Elven Halls.
 28275 | Orc:2    | Reached skill level 10 in Dodging
 28319 | Orc:2    | Noticed an orc warlord
 28345 | Orc:1    | Killed an orc warlord
 28401 | Orc:2    | Received a gift from Okawaru
 29038 | Orc:2    | Reached skill level 11 in Dodging
 29766 | Orc:2    | Found Nyremi Tara's Book Shop.
 29782 | Orc:2    | Found Lykkunynie's Antique Weapon Shop.
 29798 | Orc:2    | Found Cysutal's Antique Armour Shop.
 29814 | Orc:2    | Found Suirphose's General Store.
 29971 | Orc:2    | Bought a twisted ring mail for 234 gold pieces
 29971 | Orc:2    | Identified the +5 ring mail of Ulanulee {rC++ Slay-5 SInv}
                  | (You bought it in a shop on level 2 of the Orcish Mines)
 30109 | D:13     | Noticed Urug
 30116 | D:13     | Killed Urug
 30839 | D:13     | Found Vouworo's Weapon Shop.
 30936 | D:13     | Reached skill level 12 in Dodging
 31981 | D:14     | Received a gift from Okawaru
 31986 | D:14     | Found Niulust's Antique Weapon Boutique.
 32030 | D:14     | Reached skill level 3 in Throwing
 32561 | D:14     | Found a glowing golden altar of the Shining One.
 32745 | D:14     | You pick up a book of the Senses and begin reading...
 32745 | D:14     | You add the spells Dazzling Flash and Agony to your
                  | library.
 32777 | D:14     | Reached skill level 4 in Throwing
 32861 | D:14     | Identified the +3 flail "Qaij" {heavy, rElec rF- Str+2}
 33410 | D:14     | Reached skill level 5 in Throwing
 33419 | D:14     | Reached skill level 16 in Fighting
 33597 | D:14     | Found a gate to the Vaults.
 33767 | D:14     | Reached XP level 16. HP: 110/110 MP: 1/23
 33942 | D:15     | Entered Level 15 of the Dungeon
 33949 | D:15     | Received a gift from Okawaru
 34113 | D:15     | Reached skill level 6 in Shields
 34139 | D:15     | Noticed Behejivea's ghost (adept DsEE)
 34154 | D:15     | Found a runed translucent gate.
 34154 | D:15     | Found a runed translucent gate.
 34154 | D:15     | Found a runed translucent gate.
 34453 | D:15     | Found a staircase to the Depths.
 34605 | D:15     | Reached skill level 7 in Shields
 35210 | D:15     | Found a sparkling altar of Nemelex Xobeh.
 35700 | D:15     | Killed Behejivea's ghost
 35702 | D:15     | Reached skill level 8 in Shields
 35838 | D:15     | Your damage rating with your +5 heavy double sword
                  | {longrare=g} is about 67 (Base [15 + 12 (Hvy)] x 135% (Dex)
                  | x 172% (Skill) + 5 (Ench)).
 35838 | D:15     | your +5 heavy double sword {longrare=g} projects an
                  | invisible shield of force!
 35838 | D:15     | a - a +5 double sword of protection (weapon) {longrare=g}
 35839 | D:15     | your +5 double sword of protection {longrare=g} thirsts for
                  | the lives of mortals!
 35839 | D:15     | a - a +5 vampiric double sword (weapon) {longrare=g}
 36194 | Snake:1  | Entered Level 1 of the Snake Pit
 36335 | Snake:1  | Noticed Aizul
 36353 | Snake:1  | Killed Aizul
 36520 | Snake:1  | Found a blossoming altar of Fedhas.
 36528 | Snake:1  | Reached skill level 9 in Shields
 37183 | Snake:1  | Found Jyaxaumy's Assorted Antiques.
 37189 | Snake:1  | Received a gift from Okawaru
 37210 | Snake:1  | Reached skill level 10 in Shields
 37345 | Snake:1  | Bought a potion of might for 116 gold pieces
 37345 | Snake:1  | Bought a scroll of identify for 58 gold pieces
 37345 | Snake:1  | Bought 2 inky potions for 52 gold pieces
 37983 | Snake:1  | You pick up a book of Callings and begin reading...
 38439 | Snake:1  | You are sucked into a shaft and drop 1 floor!
 38444 | Snake:2  | Identified the +0 buckler of the Pits of Slime {Str+2}
 38483 | Snake:2  | Reached skill level 11 in Shields
 39233 | Snake:2  | Reached skill level 12 in Shields
 39236 | Snake:2  | Noticed a nagaraja
 39256 | Snake:2  | Killed a nagaraja
 39256 | Snake:2  | Received a gift from Okawaru
 39939 | Snake:2  | Noticed Agnes
 39942 | Snake:2  | Killed Agnes
 40841 | Snake:1  | Reached XP level 17. HP: 115/115 MP: 5/24
 41035 | Snake:1  | Found a runed translucent gate.
 41035 | Snake:1  | Found a runed translucent gate.
 41035 | Snake:1  | Found a runed translucent gate.
 41037 | Snake:1  | Found an opulent altar of Gozag.
 41039 | Snake:1  | Found Suarr's Assorted Antiques.
 41039 | Snake:1  | Noticed fetfluga's ghost (journeyman HOMo)
 41040 | Snake:1  | Found Maruer's Assorted Antiques.
 41062 | Snake:1  | Reached skill level 13 in Shields
 41072 | Snake:1  | Killed fetfluga's ghost
 41237 | Snake:1  | Bought a copper ring for 130 gold pieces
 41243 | Snake:1  | Bought a glowing dark potion for 23 gold pieces
 41243 | Snake:1  | Bought a scroll of identify for 52 gold pieces
 41244 | Snake:1  | Bought a condenser vane for 1040 gold pieces
 41249 | Snake:1  | Bought a scroll labelled QAULOK POFUTU for 35 gold pieces
 41249 | Snake:1  | Bought a scroll of identify for 70 gold pieces
 41426 | Snake:3  | Your damage rating with your +5 vampiric double sword
                  | {longrare=g} is about 39 (Base 15 x 135% (Dex) x 172%
                  | (Skill) + 5 (Ench)).
 42032 | Snake:3  | Reached skill level 14 in Shields
 42188 | Snake:3  | Your damage rating with your +5 vampiric double sword
                  | {longrare=g} is about 39 (Base 15 x 135% (Dex) x 172%
                  | (Skill) + 5 (Ench)).
 42596 | Snake:3  | Received a gift from Okawaru
 42964 | Snake:4  | Entered Level 4 of the Snake Pit
 43577 | Snake:4  | Noticed Vashnia
 43577 | Snake:4  | Identified the +2 hand axe of the Viper {flame, *Rage
                  | Dex+4}
 43601 | Snake:4  | Killed Vashnia
 43693 | Snake:4  | Reached skill level 13 in Dodging
 44717 | Snake:4  | Received a gift from Okawaru
 44718 | Snake:4  | Reached skill level 15 in Shields
 44746 | Snake:4  | Your damage rating with your +5 vampiric double sword
                  | {longrare=g} is about 39 (Base 15 x 135% (Dex) x 172%
                  | (Skill) + 5 (Ench)).
 45166 | Snake:4  | Reached skill level 14 in Dodging
 45634 | Snake:4  | Reached XP level 18. HP: 117/120 MP: 1/25
 45638 | Snake:4  | Received a gift from Okawaru
 45863 | Snake:4  | Reached skill level 15 in Dodging
 46105 | Snake:4  | Your damage rating with your +5 vampiric double sword
                  | {longrare=g} is about 39 (Base 15 x 135% (Dex) x 172%
                  | (Skill) + 5 (Ench)).
 46283 | Snake:4  | Got a serpentine rune of Zot
 46714 | Lair:3   | magus.rc [v1.9.6]
 46764 | Swamp:1  | Entered Level 1 of the Swamp
 46765 | Swamp:1  | magus.rc [v1.9.6]
 47320 | Swamp:1  | Noticed Roxanne
 47336 | Swamp:1  | Killed Roxanne
 47349 | Swamp:1  | Identified the +2 cloak of the Shifting Gods {rPois rF+}
 47636 | Orc:2    | Bought a glowing ring mail for 182 gold pieces
 48057 | Swamp:1  | Reached skill level 16 in Dodging
 49542 | Swamp:2  | Found a transporter.
 49548 | Swamp:2  | You are sucked into a shaft and drop 1 floor!
 49548 | Swamp:3  | Noticed Jorgrun
 49548 | Swamp:3  | Found a frozen archway.
 49557 | Swamp:3  | Killed Jorgrun
 49609 | IceCv    | Entered an ice cave
 49768 | IceCv    | Received a gift from Okawaru
 50256 | IceCv    | Reached skill level 16 in Shields
 50468 | IceCv    | You add the spells Freeze and Frozen Ramparts to your
                  | library.
 50468 | IceCv    | Got an inconspicuous book
 50712 | Swamp:3  | Found a basalt altar of Yredelemnul.
 50853 | Swamp:3  | You pick up a book of Storms and begin reading...
 51286 | Swamp:2  | Identified the ring "Eriuqenn" {MP+9 Int+6}
 51305 | Swamp:2  | Identified the ring of Balance {rPois rF- rN++ Int+3}
 51383 | Swamp:2  | Reached skill level 17 in Dodging
 51522 | Swamp:2  | Found a transporter.
 52456 | Swamp:4  | Entered Level 4 of the Swamp
 52457 | Swamp:4  | Your damage rating with your +5 vampiric double sword
                  | {longrare=g} is about 39 (Base 15 x 135% (Dex) x 172%
                  | (Skill) + 5 (Ench)).
 53360 | Swamp:4  | Noticed Donald
 53366 | Swamp:4  | Hit: a) +5 double sword (vamp) {longrare=g}
 53366 | Swamp:4  | Hit: a) +5 double sword (vamp) {longrare=g}
 53369 | Swamp:4  | Killed Donald
 53635 | Swamp:4  | Reached XP level 19. HP: 125/125 MP: 2/26
 53945 | Swamp:4  | Noticed the 27-headed Lernaean hydra
 54374 | Swamp:4  | Killed the 27-headed Lernaean hydra
 54427 | Swamp:4  | Reached skill level 17 in Shields
 54719 | Swamp:4  | Got a decaying rune of Zot
 55011 | Swamp:4  | Reached skill level 18 in Dodging
 55409 | Vaults:1 | Entered Level 1 of the Vaults
 55506 | Vaults:1 | Found Zesaemna's Weapon Shop.
 55532 | Vaults:1 | Reached skill level 6 in Throwing
 55582 | Vaults:1 | Found a crumbling gateway.
 55724 | Desolati | Entered the Desolation of Salt
 56007 | Desolati | Found the +4 skin of Zhor {*Englaciate rC+++ SInv}
 56026 | Desolati | Reached skill level 7 in Throwing
 56033 | Desolati | Received a gift from Okawaru
 56068 | Desolati | You add the spells Ignite Poison and Fireball to your
                  | library.
 56068 | Desolati | Got a sooty book
 56441 | Desolati | Reached skill level 8 in Throwing
 56587 | Desolati | Reached skill level 17 in Fighting
 56622 | Desolati | Received a gift from Okawaru
 56833 | Desolati | Found the +3 warlock's mirror {omnireflect}
 56871 | Desolati | Identified the ring of Zyidoeby {Drain Fly Str+2 Stlth+}
 56890 | Desolati | Got a worn book
 57132 | Desolati | Identified the +1 flail "Funlaguq" {speed, Int+8}
 57976 | Vaults:1 | Reached skill level 9 in Throwing
 58847 | Vaults:1 | Reached XP level 20. HP: 134/134 MP: 11/27
 59194 | Vaults:1 | Found Suarghu Cila's Weapon Shop.
 59209 | Vaults:1 | You pick up a book of Death and begin reading...
 59706 | Vaults:2 | Noticed Saint Roka
 60176 | Vaults:2 | Reached skill level 10 in Throwing
 60393 | Vaults:2 | Identified the ring "Boloamox" {rC+ MP+9}
 60394 | Vaults:2 | Killed Saint Roka
 60394 | Vaults:2 | Received a gift from Okawaru
 60678 | Vaults:2 | Found Yffean's Weapon Shop.
 60773 | Vaults:2 | Found a large runed translucent door.
 60773 | Vaults:2 | Found a large runed translucent door.
 60774 | Vaults:2 | Noticed Wiath's ghost (adept DrBr)
 61332 | Vaults:2 | Reached skill level 18 in Fighting
 61921 | Vaults:2 | Reached skill level 11 in Throwing
 63015 | Vaults:2 | You pick up a book of Blood and begin reading...
 63015 | Vaults:2 | You add the spells Sublimation of Blood and Wereblood to
                  | your library.
 63820 | Vaults:3 | Reached skill level 12 in Throwing
 63926 | Vaults:3 | Reached skill level 5 in Evocations
 64401 | Vaults:3 | Found a staircase to the Crypt.
 64509 | Vaults:3 | Reached skill level 9 in Invocations
 64509 | Vaults:3 | Reached skill level 6 in Evocations
 65130 | Vaults:3 | Received a gift from Okawaru
 65319 | Vaults:3 | Reached skill level 7 in Evocations
 65334 | Vaults:3 | Reached XP level 21. HP: 141/141 MP: 2/29
 65666 | Vaults:3 | Noticed Boris
 65680 | Vaults:3 | Killed Boris
 65714 | Vaults:3 | Reached skill level 10 in Invocations
 66102 | Vaults:3 | Reached skill level 8 in Evocations
 66276 | Vaults:3 | Found Papiufaj's Book Boutique.
 66485 | Vaults:3 | Received a gift from Okawaru
 67177 | Vaults:4 | Reached skill level 11 in Invocations
 67706 | Vaults:4 | Reached skill level 12 in Invocations
 67918 | Vaults:4 | Received a gift from Okawaru
 71013 | Elf:1    | Entered Level 1 of the Elven Halls
 71160 | Elf:1    | Found a radiant altar of Vehumet.
 71342 | Elf:1    | Received a gift from Okawaru
 71420 | Elf:1    | Reached skill level 19 in Dodging
 71426 | Elf:1    | You add the spells Kiss of Death, Stone Arrow, Arcjolt and
                  | Starburst to your library.
 71426 | Elf:1    | Got an ancient book
 72855 | Elf:1    | You pick up a book of Scorching and begin reading...
 72855 | Elf:1    | You add the spells Scorch and Flame Wave to your library.
 73081 | Elf:1    | You pick up a book of Changes and begin reading...
 73417 | Elf:2    | Reached XP level 22. HP: 148/148 MP: 1/32
 73614 | Elf:2    | Reached skill level 19 in Fighting
 73628 | Elf:2    | your +5 vampiric double sword {longrare=g} glows red for a
                  | moment.
 73992 | Elf:2    | Found Quroy's Jewellery Emporium.
 73995 | Elf:2    | Bought an amulet of faith for 640 gold pieces
 74044 | Elf:2    | Found a runed translucent gate.
 74045 | Elf:2    | Found a runed translucent gate.
 74046 | Elf:2    | Found a runed translucent gate.
 74146 | Elf:2    | Received a gift from Okawaru
 74883 | Elf:3    | Entered Level 3 of the Elven Halls
 75021 | Elf:3    | your +6 vampiric double sword {longrare=g} glows red for a
                  | moment.
 75968 | Elf:3    | Found Todec's CLEARANCE SALE!.
 76371 | Elf:3    | Identified the +0 scale mail "Kuenyc" {Str+5 Int+5 Dex-4}
 76376 | Elf:3    | Received a gift from Okawaru
 76379 | Elf:3    | Identified the +0 robe of the Leaping Gods {rPois Dex-4
                  | SInv}
 76379 | Elf:3    | Identified the ring of the Ladybird {rN+ Will- rCorr Int+4}
 76465 | Elf:3    | Reached skill level 20 in Dodging
 76598 | Elf:3    | Reached skill level 20 in Fighting
 76715 | Elf:3    | Identified the ring of the Zebra {rElec MP+9 Dex+2 SInv}
 76856 | Elf:3    | Received a gift from Okawaru
 76857 | Elf:3    | Reached skill level 9 in Armour
 76877 | Elf:3    | your +7 vampiric double sword {longrare=g} glows red for a
                  | moment.
 76887 | Elf:3    | Identified the +7 spear "Corchoece" {venom, *Rage rElec rC-
                  | MP+9}
 77063 | Elf:3    | You pick up a book of Spectacle and begin reading...
 77063 | Elf:3    | You add the spells Volatile Blastmotes and Maxwell's
                  | Capacitive Coupling to your library.
 77066 | Elf:3    | You pick up a book of Spatial Translocations and begin
                  | reading...
 77066 | Elf:3    | You add the spells Blink, Momentum Strike and Lesser
                  | Beckoning to your library.
 77069 | Elf:3    | You add the spells Ensorcelled Hibernation and Metabolic
                  | Englaciation to your library.
 77069 | Elf:3    | Got an innocuous book
 77075 | Elf:3    | You pick up a book of Minor Magic and begin reading...
 77087 | Elf:3    | You pick up a book of Sloth and begin reading...
 77100 | Elf:3    | Got a blackened book
 77103 | Elf:3    | Identified the staff of Subjectivity {rElec MP+9 Dex-3 SInv
                  | Conj}
 77112 | Elf:3    | You pick up a book of Changes and begin reading...
 77115 | Elf:3    | You pick up a book of Dangerous Friends and begin
                  | reading...
 77121 | Elf:3    | You add the spells Sandblast, Sting, Passwall and
                  | Borgnjor's Vile Clutch to your library.
 77121 | Elf:3    | Got a tattered book
 77127 | Elf:3    | Identified the +4 sling of Animal Spirits {heavy, Fragile
                  | rF- Str+9}
 77466 | Elf:2    | Reached skill level 10 in Armour
 78410 | Depths:1 | Entered Level 1 of the Depths
 78419 | D:15     | Received a gift from Okawaru
 78420 | D:15     | Reached skill level 18 in Long Blades
 79322 | Depths:1 | Reached skill level 11 in Armour
 79774 | Depths:1 | Reached XP level 23. HP: 156/156 MP: 2/33
 79925 | Depths:1 | Found Wiamoted's Assorted Antiques.
 79925 | Depths:1 | Found Boskoe's General Store.
 79926 | Depths:1 | Found Ceafaoh's Magic Scroll Boutique.
 79929 | Depths:1 | your +8 vampiric double sword {longrare=g} glows red for a
                  | moment.
 79933 | Depths:1 | Found Haixt's General Store.
 79953 | Depths:1 | Bought a scroll of acquirement for 2184 gold pieces
 79953 | Depths:1 | Acquired a manual of Throwing
 80053 | Depths:1 | Found a gateway to Hell.
 80206 | Depths:1 | You pick up a book of the Wilderness and begin reading...
 80263 | Depths:1 | Reached skill level 19 in Long Blades
 80478 | Depths:1 | Received a gift from Okawaru
 80486 | Depths:1 | Found a one-way gate leading to the halls of Pandemonium.
 80881 | Depths:1 | Found a shadowy altar of Dithmenos.
 80992 | Depths:1 | Reached skill level 12 in Armour
 81210 | Depths:1 | Found a one-way gateway to a ziggurat.
 81491 | Depths:2 | You pick up a book of Burglary and begin reading...
 81983 | Depths:2 | Found a burning altar of Makhleb.
 81985 | Depths:2 | You are sucked into a shaft and drop 1 floor!
 81995 | Depths:3 | Reached skill level 20 in Long Blades
 82104 | Depths:2 | Noticed a golden dragon
 82105 | Depths:2 | Received a gift from Okawaru
 82111 | Depths:2 | Reached skill level 21 in Long Blades
 82147 | Depths:2 | Killed a golden dragon
 82147 | Depths:2 | Identified +0 gold dragon scales
 82307 | Depths:2 | Noticed a juggernaut
 82311 | Depths:2 | Killed a juggernaut
 82372 | Depths:2 | Noticed a golden dragon
 82400 | Depths:2 | Killed a golden dragon
 82498 | Depths:2 | Identified the +2 flail "Zatuluurph" {heavy, rN+ Dex+3}
 82838 | Depths:2 | Received a gift from Okawaru
 82866 | Depths:2 | Reached skill level 13 in Throwing
 82970 | Depths:2 | Noticed a golden dragon
 82982 | Depths:2 | Killed a golden dragon
 82982 | Depths:2 | Identified +0 gold dragon scales
 82983 | Depths:2 | Reached skill level 14 in Throwing
 83004 | Depths:2 | Identified the +1 long sword of Patterns {drain, Will+}
 83031 | Depths:2 | Identified the staff of the Lachrymose God {rPois rF- Str+5
                  | Poison}
 83035 | Depths:2 | magus.rc [v1.9.6]
 83078 | Depths:2 | Reached skill level 15 in Throwing
 84036 | Depths:2 | You pick up a book of Ice and begin reading...
 84036 | Depths:2 | You add the spells Ozocubu's Refrigeration and Polar Vortex
                  | to your library.
 84157 | Depths:2 | Reached skill level 16 in Throwing
 84445 | Depths:2 | Received a gift from Okawaru
 85073 | Depths:3 | Found a one-way gate to the infinite horrors of the Abyss.
 85487 | Depths:3 | Reached skill level 17 in Throwing
 85490 | Depths:3 | quicksilver dragon scales {rare}; a quicksilver dragon
                  | corpse
 85490 | Depths:3 | Z - quicksilver dragon scales {rare}
 85503 | Depths:3 | Reached XP level 24. HP: 163/163 MP: 7/33
 85671 | Depths:3 | You finish putting on your quicksilver dragon scales
                  | {rare}.
 86223 | Depths:3 | You pick up a book of the Earth and begin reading...
 86223 | Depths:3 | You add the spells Leda's Liquefaction and Bombard to your
                  | library.
 87562 | Depths:4 | Entered Level 4 of the Depths
 87668 | Depths:4 | Received a gift from Okawaru
 87671 | Depths:4 | Reached skill level 18 in Throwing
 87816 | Depths:4 | Found a stormy altar of Qazlal.
 88291 | Depths:4 | Identified a potion of experience
 88292 | Depths:4 | Reached skill level 13 in Armour
 88292 | Depths:4 | Reached XP level 25. HP: 165/168 MP: 0/33
 88466 | Depths:4 | Identified +0 gold dragon scales
 88671 | Depths:4 | Reached skill level 14 in Armour
 89346 | Depths:4 | Received a gift from Okawaru
 90878 | Depths:4 | Reached skill level 21 in Fighting
 91011 | Depths:4 | +0 storm dragon scales {rare}; a storm dragon corpse
 91023 | Depths:4 | Found a gate to the Realm of Zot.
 91027 | Depths:4 | +0 storm dragon scales {rare}; a storm dragon corpse
 91248 | Depths:3 | Voluntarily entered the Abyss.
 91460 | Abyss:2  | Found a corrupted altar of Lugonu.
 91530 | Abyss:2  | Found a corrupted altar of Lugonu.
 91533 | Abyss:2  | Found a corrupted altar of Lugonu.
 91674 | Abyss:2  | Found a corrupted altar of Lugonu.
 91689 | Abyss:2  | Found a corrupted altar of Lugonu.
 91689 | Abyss:2  | Found a corrupted altar of Lugonu.
 91910 | Abyss:3  | Found a corrupted altar of Lugonu.
 91948 | Abyss:3  | Found a corrupted altar of Lugonu.
 91956 | Abyss:3  | Reached skill level 15 in Armour
 92018 | Abyss:3  | Received a gift from Okawaru
 92176 | Abyss:3  | Reached skill level 16 in Armour
 92323 | Abyss:3  | Received a gift from Okawaru
 92327 | Depths:3 | You pass through the gate.
 92327 | Depths:3 | Escaped the Abyss
 92515 | Depths:3 | Voluntarily entered the Abyss.
 92523 | Abyss:3  | Reached skill level 22 in Long Blades
 92644 | Abyss:3  | Noticed a dread lich
 92655 | Abyss:3  | Killed a dread lich
 92885 | Abyss:3  | Reached XP level 26. HP: 177/177 MP: 4/33
 93044 | Abyss:3  | Found a corrupted altar of Lugonu.
 93272 | Abyss:3  | Received a gift from Okawaru
 93342 | Abyss:3  | Reached skill level 23 in Long Blades
 93383 | Abyss:3  | Noticed an ancient lich
 93390 | Abyss:3  | Killed an ancient lich
 93519 | Abyss:4  | Found a corrupted altar of Lugonu.
 93544 | Abyss:4  | Received a gift from Okawaru
 93594 | Abyss:4  | Noticed an ancient lich
 93608 | Abyss:4  | Killed an ancient lich
 93608 | Abyss:4  | Noticed an ancient lich
 93622 | Abyss:4  | Killed an ancient lich
 93624 | Abyss:4  | Noticed an ancient lich
 93632 | Abyss:4  | Reached skill level 24 in Long Blades
 93632 | Abyss:4  | HP: 66/265 [ancient lich/bolt of acid (63)]
 93632 | Abyss:4  | HP: 15/265 [yellow draconian annihilator/crystal spear
                  | (51)]
 93635 | Depths:3 | You pass through the gate.
 93635 | Depths:3 | Escaped the Abyss
 94237 | Lair:4   | Found a viscous altar of Jiyva.
 94237 | Lair:4   | Found a staircase to the Slime Pits.
 94260 | Slime:1  | Entered Level 1 of the Pits of Slime
 94632 | Slime:2  | Received a gift from Okawaru
 94798 | Slime:3  | Gained mutation: You are weak. (Str -2) [a shining eye]
 94930 | Slime:4  | Gained mutation: Your spells are a little easier to cast,
                  | but a little less powerful. [a shining eye]
 94942 | Slime:5  | Entered Level 5 of the Pits of Slime
 95188 | Slime:5  | Gained mutation: Your spells are easier to cast, but less
                  | powerful. [a shining eye]
 95191 | Slime:5  | Noticed the Royal Jelly
 95206 | Slime:5  | Killed the Royal Jelly
 95225 | Slime:5  | Reached skill level 19 in Throwing
 95236 | Slime:5  | Paralysed by a formless jellyfish for 1 turns
 95512 | Slime:5  | Received a gift from Okawaru
 95860 | Slime:5  | Identified the amulet "Udoffukh" {Rampage rPois Will+
                  | Regen+}
 95896 | Slime:5  | Found the ring of the Mage {Wiz Archmagi}
 95911 | Slime:5  | Identified the +1 plate armour of the Thirsty Stars {-Tele
                  | rCorr Dex+3}
 95948 | Slime:5  | Identified the +2 rapier "Iwiran" {pain, Int+5}
 95971 | Slime:5  | Got a slimy rune of Zot
 96456 | Zot:1    | Entered Level 1 of the Realm of Zot
 96462 | Zot:1    | Found a transporter.
 96466 | Zot:1    | Noticed bmj180's ghost (legendary HuCj)
 96466 | Zot:1    | Identified the +1 cloak "Kesulur" {rElec rPois rN+}
 96467 | Zot:1    | Identified the +2 cloak of the Echidna {Regen+ Slay+2}
 96472 | Zot:1    | Found a transporter.
 96475 | Zot:1    | Found a bloodstained altar of Trog.
 96771 | Zot:1    | Identified the ring "Hijaruq" {Ice rCorr}
 96771 | Zot:1    | Noticed Josephina
 97061 | Zot:1    | Killed Josephina
 97062 | Zot:1    | Reached XP level 27. HP: 139/173 MP: 1/33
 97159 | Zot:2    | Noticed an orb of fire
 97171 | Zot:2    | Gained mutation: You are agile. (Dex +4, Str/Int -1) [an
                  | orb of fire]
 97172 | Zot:2    | Killed an orb of fire
 97175 | Zot:2    | Noticed an electric golem
 97185 | Zot:2    | Killed an electric golem
 97195 | Zot:3    | You are sucked into a shaft and drop 1 floor!
 97266 | Zot:3    | Noticed an electric golem
 97283 | Zot:3    | Killed an electric golem
 97308 | Zot:3    | You pick up a book of Cantrips and begin reading...
 97308 | Zot:3    | You add the spells Necrotise and Apportation to your
                  | library.
 97355 | Zot:3    | Received a gift from Okawaru
 97380 | Zot:3    | Reached skill level 22 in Fighting
 97490 | Zot:5    | Entered Level 5 of the Realm of Zot
 97675 | Zot:5    | Identified +0 gold dragon scales
 98475 | Zot:5    | Noticed a dread lich
 98486 | Zot:5    | Paralysed by a dread lich for 2 turns
 98491 | Zot:5    | Killed a dread lich
 98492 | Zot:5    | Reached skill level 23 in Fighting
 98649 | Zot:5    | Noticed an electric golem
 98663 | Zot:5    | Killed an electric golem
 98664 | Zot:5    | Reached skill level 20 in Throwing
 98741 | Zot:5    | Received a gift from Okawaru
 98748 | Zot:5    | Noticed a curse toe
 98749 | Zot:5    | Noticed an electric golem
 98751 | Zot:5    | Killed a curse toe
 98758 | Zot:5    | Reached skill level 25 in Long Blades
 98763 | Zot:5    | Killed an electric golem
 98871 | Zot:5    | Got the Orb of Zot
 98911 | Zot:5    | Noticed a dread lich
 98920 | Zot:5    | Killed a dread lich
 98952 | Zot:4    | Noticed Leroaq the pandemonium lord
 99130 | Depths:1 | Noticed Boris
 99140 | Depths:1 | Killed Boris
 99141 | Depths:1 | Reached skill level 21 in Dodging
 99396 | D:5      | Noticed Boris
 99534 | D:$      | Escaped with the Orb!

Vanquished Creatures
  the Royal Jelly (Slime:5)
  An orb of fire (Zot:2)
  3 ancient liches
  3 dread liches
  A juggernaut (Depths:2)
  Josephina (Zot:1)
  Boris (twice) (Vaults:3 Depths:1)
  the Lernaean hydra (Swamp:4)
  5 Killer Klowns
  Saint Roka (Vaults:2)
  Vashnia (Snake:4)
  A curse toe (Zot:5)
  5 golden dragons
  3 bone dragons
  2 profane servitors
  A Brimstone Fiend (Depths:1)
  6 tentacled monstrosities
  Jorgrun (Swamp:3)
  4 electric golems
  2 deep elf blademasters
  9 liches
  5 quicksilver dragons
  22 Orb Guardians
  10 acid blobs
  2 death cobs
  2 deep elf master archers (Elf:3)
  4 sphinxes (Depths:2)
  Agnes (Snake:2)
  A thorn hunter (Abyss:3)
  The ghost of Behejivea the Destroyer, an adept DsEE of Gozag (D:15)
  An Executioner (Abyss:4)
  5 tentacled starspawn
  8 storm dragons
  3 shadow dragons
  Donald (Swamp:4)
  5 tengu reavers
  7 rockslimes
  10 nagarajas
  Roxanne (Swamp:1)
  Aizul (Snake:1)
  4 fire giants
  4 draconian monks
  7 frost giants
  11 azure jellies
  3 draconian knights
  7 vault wardens
  9 deep elf sorcerers
  3 draconian scorchers
  2 balrugs
  An iron dragon (Depths:3)
  A draconian shifter (Zot:1)
  3 deep elf elementalists
  2 ghost moths
  2 imperial myrmidons (Desolation)
  6 draconian annihilators
  A cacodemon (Abyss:3)
  3 spectral caustic shrikes (Depths:2)
  7 stone giants
  15 ironbound preservers
  3 orc warlords
  10 quicksilver oozes
  5 reapers
  A war gargoyle (Vaults:3)
  24 very ugly things
  5 formless jellyfish
  6 ironbound thunderhulks
  4 black draconians
  A demonspawn corrupter (D:3)
  A caustic shrike skeleton (Depths:2)
  3 vampire knights
  7 dire elephants
  4 deep elf demonologists (Elf:3)
  4 green draconians
  6 eleionomae
  4 purple draconians
  10 deep elf annihilators
  A minotaur (D:15)
  6 spark wasps
  3 bunyips
  2 lorocyprocas (Abyss:3)
  3 white draconians
  The ghost of fetfluga the Basher, a journeyman HOMo of Qazlal (Snake:1)
  3 red draconians
  7 yellow draconians
  7 fire dragons
  3 green deaths
  A blizzard demon (Zot:1)
  A merfolk javelineer (Depths:1)
  6 deep elf death magi (Elf:3)
  4 crystal guardians (Desolation)
  4 ragged hierophants (Desolation)
  6 ettins
  3 deep elf high priests (Elf:3)
  8 servants of whispers (Desolation)
  7 great orbs of eyes
  3 entropy weavers
  Fannar (D:12)
  8 yaktaur captains
  A catoblepas (Lair:4)
  24 hydras
  8 vault guards
  9 peacekeepers
  5 spriggan air magi
  4 rakshasas
  4 ice dragons
  12 alligators
  5 anacondas
  2 ogre magi (Abyss:4)
  5 ironbound frosthearts
  3 salamander tyrants
  15 centaur warriors
  A ghost crab (Swamp:3)
  A spriggan skeleton (Abyss:3)
  A death knight (Vaults:3)
  11 boulder beetles
  13 death yaks
  A two-headed ogre (shapeshifter) (D:15)
  A satyr (Abyss:3)
  18 naga warriors
  4 vampire magi
  6 two-headed ogres
  27 dancing weapons
  9 deep troll earth magi
  9 deep troll shamans
  8 hell hogs
  A demonic crawler (Abyss:3)
  2 orc high priests
  Urug (D:13)
  5 spriggan berserkers
  8 shock serpents
  4 tengu warriors
  14 naga sharpshooters
  3 soul eaters
  3 wretched stars
  A storm dragon zombie (Depths:2)
  17 deep elf knights
  2 sun demons
  2 skysharks (Lair:5)
  12 thrashing horrors
  8 iron trolls
  2 skeletal warriors (D:15)
  5 sixfirhies
  72 deep trolls
  2 salamander mystics
  5 sea snakes (Snake:4)
  A cherub (D:7)
  4 goliath frogs
  A sea snake (shapeshifter) (Depths:3)
  3 flayed ghosts
  2 spatial maelstroms (Abyss:3)
  7 naga ritualists
  13 lindwurms
  4 phantasmal warriors
  2 spriggan druids
  3 obsidian statues
  5 bog bodies
  9 deep elf archers
  A spriggan simulacrum (IceCv)
  9 swamp dragons
  8 glowing orange brains
  10 wizards
  16 ironbound convokers
  3 necromancers
  11 orc knights
  32 deep elf pyromancers
  Pikel (D:7)
  9 harpies
  22 deep elf zephyrmancers
  3 orc sorcerers
  10 mana vipers
  44 ugly things
  7 worldbinders
  2 shining eyes
  5 oklob plants (Lair:4)
  16 salamanders
  3 will-o-the-wisps
  14 moths of wrath
  4 cyclopes
  7 manticores
  An elephant (shapeshifter) (Depths:4)
  18 elephants
  19 naga magi
  4 apocalypse crabs (Abyss:3)
  A fire giant skeleton (D:15)
  40 black mambas
  2 eyes of devastation
  28 starcursed masses
  4 orange demons
  15 cane toads
  2 water nymphs (Abyss:3)
  5 guardian serpents
  14 vault sentinels
  11 smoke demons
  2 gargoyles
  Jeremiah (D:9)
  A centaur skeleton (Abyss:3)
  A storm dragon simulacrum (Zot:1)
  3 rime drakes
  8 unseen horrors (Abyss:3)
  Maggie (D:7)
  24 large abominations
  A hellion (Depths:2)
  A komodo dragon (shapeshifter) (Elf:2)
  An anaconda simulacrum (IceCv)
  7 komodo dragons
  32 yaktaurs
  2 kobold demonologists (D:14)
  4 freezing wraiths
  3 ice devils
  2 tengu conjurers
  2 golden dragon simulacra (IceCv)
  6 ancient zymes
  2 hellwings
  10 trolls
  A red devil (Depths:1)
  12 tyrant leeches
  A polar bear (Lair:4)
  8 hornets
  A wind drake (shapeshifter) (D:15)
  2 hornets (shapeshifter)
  55 saltlings (Desolation)
  19 raiju
  16 blink frogs
  An ettin zombie (D:15)
  3 spriggan zombies
  117 slime creatures
  A culicivora (Vaults:3)
  A jumping spider (shapeshifter) (Elf:1)
  2 air elementals
  An ettin skeleton (D:15)
  8 spriggans
  A vampire (D:12)
  5 wraiths
  7 ynoxinuls
  13 water elementals
  6 wyverns
  10 humans (D:14)
  23 vampire mosquitoes
  5 fire bats
  7 golden eyes
  11 chaos spawn
  4 fire elementals
  2 neqoxecs
  3 minotaur simulacra (IceCv)
  45 yaks
  A red draconian simulacrum (Zot:1)
  5 basilisks
  3 redbacks (Vaults:1)
  3 steam dragons (Lair:5)
  Grum (D:9)
  Menkaure (D:7)
  4 wargs
  51 nagas
  14 swamp worms
  3 acid dragons
  5 spatial vortices (Abyss:3)
  A floating eye (Slime:5)
  14 water moccasins
  A moth of wrath simulacrum (Zot:1)
  A water moccasin (shapeshifter) (Abyss:3)
  39 orc warriors
  3 ice beasts
  6 swamp drakes
  10 ogres
  An ogre (shapeshifter) (Abyss:3)
  10 boggarts
  33 wolves
  2 centaurs
  A phantom (D:6)
  8 kobold brigands
  A lemure (D:7)
  11 gnoll sergeants
  6 bullfrogs
  20 scorpions
  7 earth elementals
  12 small abominations
  8 wights
  13 killer bees
  A lindwurm simulacrum (IceCv)
  4 howler monkeys
  4 electric eels
  6 hounds
  A quasit (Abyss:3)
  An iron imp (Abyss:3)
  2 jellies
  6 gnoll boudas (Bailey)
  21 orc priests
  4 iguanas
  25 orc wizards
  A sleepcap (D:6)
  41 gnolls
  A gnoll (shapeshifter) (Abyss:3)
  11 adders
  2 shadow imps
  4 white imps
  5 ufetubi
  3 dart slugs
  81 orcs
  7 bats (D:1)
  An endoplasm (shapeshifter) (Abyss:3)
  6 endoplasms
  4 giant cockroaches
  10 goblins
  7 hobgoblins
  8 jackals
  3 quokkas
  4 ball pythons
  3 frilled lizards
  32 kobolds
  3 rats
  2 starspawn tentacles (Abyss:2)
2370 creatures vanquished.

Vanquished Creatures (others)
  A demonspawn blood saint (D:3)
  A vault guard (D:14)
  A deep elf zephyrmancer (Elf:2)
  A bloated husk (Swamp:2)
  A draconian simulacrum (Zot:1)
  A golden eye (Abyss:3)
  A small abomination (Abyss:3)
  A scorpion (Abyss:3)
  6 foxfires (Swamp:3)
  A lurking horror (Abyss:3)
  6 starspawn tentacles
21 creatures vanquished.

Grand Total: 2391 creatures vanquished

Table legend:
 A = Non-vault XP
 B = Vault XP
 C = Vault XP percentage of total XP
 D = Non-vault monster count
 E = Vault monster count
 F = Vault count percentage of total count
                 A         B        C        D         E       F
            +---------+---------+-------+---------+---------+-------
      Total |  742168 |  509985 |  40.7 |    1545 |     786 |  33.7
            +---------+---------+-------+---------+---------+-------
        D:1 |      61 |      14 |  18.7 |      28 |       7 |  20.0
        D:2 |      84 |       3 |   3.4 |      20 |       2 |   9.1
        D:3 |     118 |       0 |   0.0 |       8 |       0 |   0.0
        D:4 |     348 |       0 |   0.0 |      24 |       0 |   0.0
        D:5 |     645 |       0 |   0.0 |      16 |       0 |   0.0
        D:6 |     497 |       0 |   0.0 |      11 |       0 |   0.0
        D:7 |    1323 |    1190 |  47.4 |      30 |       3 |   9.1
        D:8 |    1992 |       0 |   0.0 |      29 |       0 |   0.0
        D:9 |    3129 |     860 |  21.6 |      33 |       8 |  19.5
       D:10 |    2152 |       0 |   0.0 |      11 |       0 |   0.0
       D:11 |    5345 |       0 |   0.0 |      19 |       0 |   0.0
       D:12 |    9271 |     881 |   8.7 |      48 |       1 |   2.0
       D:13 |    5975 |     794 |  11.7 |      14 |       1 |   6.7
       D:14 |   10637 |    5903 |  35.7 |      30 |      62 |  67.4
       D:15 |   12719 |    9779 |  43.5 |      19 |      16 |  45.7
     Lair:1 |    8569 |       0 |   0.0 |      36 |       0 |   0.0
     Lair:2 |    6290 |       0 |   0.0 |      20 |       0 |   0.0
     Lair:3 |    6294 |    1857 |  22.8 |      20 |       9 |  31.0
     Lair:4 |   17839 |    3930 |  18.1 |      47 |       9 |  16.1
     Lair:5 |   20735 |    3316 |  13.8 |      47 |      13 |  21.7
    Swamp:1 |   13201 |    1356 |   9.3 |      20 |       1 |   4.8
    Swamp:2 |   13617 |       0 |   0.0 |      25 |       0 |   0.0
    Swamp:3 |    8610 |    1840 |  17.6 |      18 |       1 |   5.3
    Swamp:4 |    7320 |   21156 |  74.3 |      14 |      26 |  65.0
    Snake:1 |   21604 |    6024 |  21.8 |      42 |       9 |  17.6
    Snake:2 |   14705 |    2465 |  14.4 |      31 |       3 |   8.8
    Snake:3 |   12647 |       0 |   0.0 |      20 |       0 |   0.0
    Snake:4 |   27127 |   29280 |  51.9 |      57 |      43 |  43.0
    Slime:1 |    5084 |       0 |   0.0 |      13 |       0 |   0.0
    Slime:2 |   14528 |       0 |   0.0 |      35 |       0 |   0.0
    Slime:3 |    3108 |       0 |   0.0 |       7 |       0 |   0.0
    Slime:4 |    3556 |    1514 |  29.9 |      13 |       1 |   7.1
    Slime:5 |   15398 |   18374 |  54.4 |      33 |      12 |  26.7
      Orc:1 |     315 |    1110 |  77.9 |      12 |       2 |  14.3
      Orc:2 |    1491 |    6174 |  80.5 |      14 |      33 |  70.2
      Elf:1 |   16834 |    9228 |  35.4 |      30 |      15 |  33.3
      Elf:2 |   18971 |   20779 |  52.3 |      30 |      27 |  47.4
      Elf:3 |   18020 |   35366 |  66.2 |      30 |      32 |  51.6
   Vaults:1 |   20415 |   11373 |  35.8 |      32 |      16 |  33.3
   Vaults:2 |   14282 |   17529 |  55.1 |      27 |      28 |  50.9
   Vaults:3 |   41218 |   34923 |  45.9 |      63 |      44 |  41.1
   Vaults:4 |   33064 |   17029 |  34.0 |      52 |      26 |  33.3
   Depths:1 |   30053 |    5557 |  15.6 |      38 |      10 |  20.8
   Depths:2 |   27708 |   56094 |  66.9 |      31 |      49 |  61.2
   Depths:3 |   25749 |    1509 |   5.5 |      38 |       3 |   7.3
   Depths:4 |   38756 |   19928 |  34.0 |      43 |      17 |  28.3
      Zot:1 |   28270 |    4334 |  13.3 |      26 |       4 |  13.3
      Zot:2 |    1300 |    4707 |  78.4 |       1 |       1 |  50.0
      Zot:3 |   16745 |       0 |   0.0 |      13 |       0 |   0.0
      Zot:4 |    6517 |       0 |   0.0 |       4 |       0 |   0.0
      Zot:5 |   29570 |   61694 |  67.6 |      26 |      29 |  52.7
    Abyss:1 |    1990 |       0 |   0.0 |       3 |       0 |   0.0
    Abyss:2 |   13538 |       0 |   0.0 |      30 |       0 |   0.0
    Abyss:3 |   68991 |   20701 |  23.1 |     141 |      57 |  28.8
    Abyss:4 |   13843 |   12049 |  46.5 |      23 |      11 |  32.4
     Bailey |       0 |    2055 | 100.0 |       0 |      41 | 100.0
      IceCv |       0 |   10407 | 100.0 |       0 |      18 | 100.0
    Volcano |       0 |    4867 | 100.0 |       0 |       8 | 100.0
 Desolation |       0 |   42036 | 100.0 |       0 |      88 | 100.0
            +---------+---------+-------+---------+---------+-------

Skill      XL: |  1  2  3  4  5  6  7  8  9 10 11 12 13 14 15 16 17 18 19 20 21 22 23 24 25 26 27 |
---------------+----------------------------------------------------------------------------------+-----
Short Blades   | 3 4 5 6 8 9 10 | 10.0
Shields        | 2 4 5 12 15 16 17 | 17.0
Fighting       | 3 5 7 10 14 15 16 17 18 20 21 23 | 23.0
Dodging        | 6 8 12 14 17 18 19 20 21 | 21.3
Invocations    | 2 5 7 8 9 12 | 12.0
Evocations     | 4 7 8 |  8.0
Armour         | 4 7 8 11 12 13 16 | 16.0
Long Blades    | 4 13 17 18 21 22 24 25 | 25.0
Throwing       | 5 9 12 17 18 19 20 | 20.0
Stealth        | |  4.0

Action                     |  1- 3 |  4- 6 |  7- 9 | 10-12 | 13-15 | 16-18 | 19-21 | 22-24 | 25-27 || total
---------------------------+-------+-------+-------+-------+-------+-------+-------+-------+-------++-------
  Melee: Dagger            |    98 |   147 |   314 |   747 |       |       |       |       |       ||  1306
         Kick              |    22 |    52 |   116 |   465 |   251 |   398 |   631 |   447 |   796 ||  3178
         Peck              |     8 |    21 |    57 |   290 |   190 |   258 |   392 |   290 |   510 ||  2016
         Punch             |       |     1 |     1 |       |       |       |       |       |       ||     2
         Short sword       |       |       |    24 |   349 |   213 |       |       |       |       ||   586
         Great sword       |       |       |       |    36 |       |       |       |       |       ||    36
         Double sword      |       |       |       |       |   627 |  1022 |  1333 |   946 |  1558 ||  5486
  Throw: Dart              |       |    17 |    36 |    38 |    32 |       |       |       |       ||   123
         Javelin           |       |       |       |       |       |       |     3 |    25 |    36 ||    64
 Invoke: Heroism           |       |       |     1 |     5 |    11 |    19 |    13 |     4 |    23 ||    76
         Finesse           |       |       |       |     1 |     1 |     8 |     1 |       |     9 ||    20
         Receive Weapon    |       |       |       |       |     1 |       |       |       |       ||     1
         Receive Armour    |       |       |       |       |     1 |       |       |       |       ||     1
  Evoke: Wand              |       |       |     1 |    44 |    13 |     2 |     5 |     3 |    12 ||    80
         Lightning rod     |       |       |       |       |     4 |       |     1 |       |    10 ||    15
         Condenser vane    |       |       |       |       |       |       |     1 |       |     4 ||     5
         Phial of floods   |       |       |       |       |       |       |       |       |     1 ||     1
    Use: Scroll            |       |     3 |     5 |    12 |    10 |    12 |     6 |     7 |    27 ||    82
         Potion            |       |       |     2 |       |     1 |     1 |     2 |     1 |     7 ||    14
   Stab: Sleeping          |     4 |     3 |     8 |     4 |     3 |     3 |     6 |     3 |     5 ||    39
         Distracted        |       |     1 |       |     2 |     1 |     1 |     5 |     1 |    10 ||    21
         Paralysed         |       |       |     1 |    10 |       |       |       |       |       ||    11
         Invisible         |       |       |       |       |       |       |     9 |       |       ||     9
 Armour: Robe              |    27 |       |       |       |       |       |       |       |       ||    27
         Ring mail         |    14 |    50 |    70 |   174 |   253 |   227 |   374 |   211 |       ||  1373
         Skin              |     3 |       |       |       |     4 |       |       |       |       ||     7
         Steam dragon scal |       |       |     5 |   127 |       |       |       |       |       ||   132
         Fire dragon scale |       |       |       |       |     1 |       |       |       |       ||     1
         Quicksilver drago |       |       |       |       |       |       |       |    23 |   463 ||   486
  Dodge: Dodged            |    58 |    78 |   135 |   563 |   583 |   482 |   928 |   491 |  1198 ||  4516
  Block: Buckler           |       |       |    49 |   239 |   229 |       |       |       |       ||   517
         Kite shield       |       |       |       |       |       |   839 |  1384 |   726 |  1600 ||  4549

Illustrated notes

Table legend:
 A = Kills in this place as a percentage of kills in the entire game.
 B = Kills by you in this place as a percentage of kills by you in the entire game.
 C = Kills by friends in this place as a percentage of kills by friends in the entire game.
 D = Other kills in this place as a percentage of other kills in the entire game.
 E = Experience gained in this place as a percentage of experience gained in the entire game.
 F = Experience gained in this place divided by the number of levels of this place that you have seen.
                   A       B       C       D       E      F
               +-------+-------+-------+-------+-------+----------------------
         Total | 100.0 | 100.0 |   N/A | 100.0 | 100.0 | 20838.5
       Dungeon |  19.3 |  19.2 |   N/A |  33.3 |   6.7 | 5712.6
          Lair |   8.6 |   8.6 |   N/A |   0.0 |   5.4 | 13766.0
         Swamp |   4.5 |   4.5 |   N/A |   0.0 |   5.3 | 16775.0
     Snake Pit |   8.7 |   8.7 |   N/A |   0.0 |   9.0 | 28463.0
    Slime Pits |   4.9 |   4.9 |   N/A |   0.0 |   4.8 | 12312.4
  Orcish Mines |   2.6 |   2.6 |   N/A |   0.0 |   0.7 | 4545.0
   Elven Halls |   7.0 |   7.0 |   N/A |  33.3 |   9.4 | 39732.7
        Vaults |  12.3 |  12.3 |   N/A |   0.0 |  14.9 | 47458.2
        Depths |   9.8 |   9.9 |   N/A |   0.0 |  16.6 | 52660.2
           Zot |   4.5 |   4.5 |   N/A |   0.0 |  12.2 | 30975.8
         Abyss |  11.3 |  11.3 |   N/A |  33.3 |  10.3 | 26222.4
        Bailey |   1.7 |   1.7 |   N/A |   0.0 |   0.2 | 2055.0
      Ice Cave |   0.8 |   0.8 |   N/A |   0.0 |   0.8 | 10407.0
       Volcano |   0.3 |   0.3 |   N/A |   0.0 |   0.4 | 4867.0
    Desolation |   3.7 |   3.8 |   N/A |   0.0 |   3.3 | 42036.0
               +-------+-------+-------+-------+-------+----------------------

Table legend: (Time is in decaauts)
 A = Elapsed time spent in this place.
 B = Non-inter-level travel time spent in this place.
 C = Inter-level travel time spent in this place.
 D = Time resting spent in this place.
 E = Time spent auto-exploring this place.
 F = Levels seen in this place.
 G = Mean time per level.
                   A        B        C        D        E       F      G
               +--------+--------+--------+--------+--------+-----+--------+
         Total |  97688 |  90972 |   6716 |  13152 |  60932 |  61 | 1601.4 |
       Dungeon |  23997 |  20452 |   3545 |   2377 |  14750 |  15 | 1599.8 |
        Temple |     62 |     10 |     52 |      0 |      0 |   1 |   62.0 |
          Lair |  10610 |   9715 |    895 |   2321 |   5590 |   5 | 2122.0 |
         Swamp |   6833 |   6629 |    204 |   1072 |   4827 |   4 | 1708.2 |
     Snake Pit |  10326 |  10058 |    268 |    942 |   7706 |   4 | 2581.5 |
    Slime Pits |   1438 |   1395 |     43 |    538 |    164 |   5 |  287.6 |
  Orcish Mines |   2670 |   2398 |    272 |    381 |   1634 |   2 | 1335.0 |
   Elven Halls |   7233 |   6944 |    289 |    943 |   4926 |   3 | 2411.0 |
        Vaults |  12787 |  12332 |    455 |    473 |  10495 |   4 | 3196.8 |
        Depths |  12434 |  11786 |    648 |   1504 |   8888 |   4 | 3108.5 |
           Zot |   2421 |   2380 |     41 |    539 |    692 |   5 |  484.2 |
         Abyss |   2069 |   2069 |      0 |    168 |    360 |   5 |  413.8 |
        Bailey |   1486 |   1486 |      0 |    587 |    114 |   1 | 1486.0 |
      Ice Cave |    893 |    893 |      0 |    505 |    146 |   1 |  893.0 |
       Volcano |    597 |    597 |      0 |    297 |      0 |   1 |  597.0 |
    Desolation |   1823 |   1823 |      0 |    504 |    640 |   1 | 1823.0 |
               +--------+--------+--------+--------+--------+-----+--------+

Top non-repeatable levels by time:
Depths:4: 3702 daAuts
Vaults:4: 3592 daAuts
 Snake:4: 3546 daAuts
Depths:2: 3479 daAuts
Vaults:2: 3374 daAuts
Vaults:3: 3293 daAuts
    D:12: 3244 daAuts
 Snake:1: 3189 daAuts
    D:14: 2912 daAuts
Depths:1: 2670 daAuts
  Lair:5: 2584 daAuts
Depths:3: 2581 daAuts
 Swamp:4: 2542 daAuts
Vaults:1: 2528 daAuts
  Lair:4: 2522 daAuts
